 Dungeon Crawl Stone Soup version 0.23.0-3-gf3c87f2df8 (webtiles) character file.

Game seed: 17600854030436958482

261 LLavrengius the Changer (level 6, 0/39 HPs)
             Began as an Octopode Transmuter on Feb 24, 2019.
             Slain by a gnoll (9 damage)
             ... on level 5 of the Dungeon.
             The game lasted 00:11:17 (3061 turns).

LLavrengius the Changer (Octopode Transmuter)       Turns: 3061, Time: 00:11:17

Health: 0/39       AC:  1    Str:  9    XL:     6   Next: 18%
Magic:  10/10      EV: 13    Int: 18    God:
Gold:   166        SH:  0    Dex: 12    Spells: 5/11 levels left

rFire    . . .     SeeInvis .   q - +2 dagger (elec)
rCold    . . .     Gourm    .   (no shield)
rNeg     . . .     Faith    .   (helmet restricted)
rPois    .         Spirit   .   (no amulet)
rElec    .         Reflect  .   j - ring of stealth
rCorr    .         Harm     .   (no ring)
MR       .....                  (no ring)
Stlth    +++.......             (no ring)
HPRegen  0.13/turn              (no ring)
MPRegen  0.12/turn              (no ring)
                                (no ring)
                                (no ring)

@: no status effects
A: almost no armour, stealthy swim, amphibious, 8 rings, constrict 8, camouflage
1, gelatinous body 1
a: no special abilities


You were on level 5 of the Dungeon.
You were not hungry.

You visited 1 branch of the dungeon, and saw 5 of its levels.

You collected 166 gold pieces.

Inventory:

Hand Weapons
 q - a +2 dagger of electrocution (weapon)
 r - a +0 blowgun
Missiles
 a - 12 arrows
 s - 9 poisoned needles
Jewellery
 g - an uncursed ring of fire
 j - a ring of stealth (left tentacle)
Wands
 n - a wand of paralysis (6)
Scrolls
 d - a scroll of noise
 f - a scroll of immolation {unknown}
 h - 2 scrolls of blinking {unknown}
 l - a scroll of amnesia {unknown}
 m - 2 scrolls of teleportation {unknown}
 o - a scroll of random uselessness {unknown}
 p - a scroll of remove curse {unknown}
Potions
 b - 3 potions of curing
 i - 2 potions of agility {unknown}
 k - a potion of haste {unknown}
Comestibles
 c - 4 rations


   Skills:
 + Level 1.8 Fighting
 - Level 2.0 Dodging
 - Level 3.0 Unarmed Combat
 - Level 3.0 Spellcasting
 + Level 5.5 Transmutations


You had 5 spell levels left.
You knew the following spells:

 Your Spells              Type           Power        Failure   Level  Hunger
a - Beastly Appendage     Tmut           ###...       1%          1    None
b - Sticks to Snakes      Tmut           ###.....     2%          2    ##.....
c - Spider Form           Tmut/Pois      ##........   16%         3    ###....

Your spell library contained the following spells:

 Spells                   Type           Power        Failure   Level  Hunger
 Blade Hands              Tmut           ###.......   43%         5    ######.
 Ice Form                 Ice/Tmut       ##......     45%         4    ####...


Dungeon Overview and Level Annotations

Branches:
Dungeon (5/15)
 Temple: D:4-7

Altars:
Ashenzari
Hepliaklqana
Wu Jian

Annotations:
D:3 3 runed translucent doors, Seven's ghost, amateur TrAM


Innate Abilities, Weirdness & Mutations

You cannot wear most types of armour.
You are very stealthy in the water. (Stealth+)
You are amphibious.
You can wear up to eight rings at the same time.
You can use your tentacles to constrict eight enemies at once.
Your skin changes colour to match your surroundings (Stealth+).
Your rubbery body absorbs attacks. (AC +1, EV +1)


Message History

You kill the gnoll!
You closely miss the gnoll. You grab the gnoll. You constrict the gnoll.
The gnoll hits you.
You barely miss the gnoll.
The gnoll is lightly wounded.
You constrict the gnoll, but do no damage.
The gnoll completely misses you.
You hit the gnoll.
The gnoll is moderately wounded.
You constrict the gnoll. The gnoll hits you!
You are too injured to fight recklessly!
You are too injured to fight recklessly!
You hit the gnoll but do no damage.
The gnoll is heavily wounded.
You constrict the gnoll. The gnoll hits you.
* * * LOW HITPOINT WARNING * * *
You completely miss the gnoll.
The gnoll is heavily wounded.
You constrict the gnoll. The gnoll hits you!
You die...

*,,,,,,..* *,* *,**,*
***,,,*#.* *,* #.#*.#
,,,,,,*#.* *,* #.#*.#
,,,,,,*#.* *,# #.#*.#
,,.,,,*#.* *.# #.#*.#
,,..g.##.####.#####.#*.#
,,....g...........#.#*.#
,,.!..##.##.#######.##.##
,,.,...........g@...#<..#
,,,,...#.##.#.###.#.....#
,<.....#.*#.#.#*#.####.##
**##..,#S*#....,...,,,.#
,,...,,#.,....###.##**##
,,...,,#.*##### #.#
,,,,,,,*,* #.#
,,,,,,,*,*******#.#
,,,,,,,,,,,,,,,,,,*


You could see a gnoll.

Vanquished Creatures
  A bullfrog skeleton (D:4)
  An orc wizard (D:2)
  A hound zombie (D:2)
  7 adders
  A gnoll (D:5)
  An ooze (D:3)
  5 worms
  5 leopard geckos
  10 orcs (D:3)
  3 giant cockroaches
  8 goblins
  8 hobgoblins
  6 jackals
  A quokka (D:2)
  2 ball pythons (D:2)
  7 bats
  4 frilled lizards
  11 kobolds
  10 rats
92 creatures vanquished.

Vanquished Creatures (others)
  2 fungi (D:3)
  2 plants (D:3)
4 creatures vanquished.

Grand Total: 96 creatures vanquished

Notes
Turn   | Place    | Note
-------+----------+-------------------------------------------
     0 | D:1      | LLavrengius the Octopode Transmuter began the quest for the
                  | Orb.
     0 | D:1      | Reached XP level 1. HP: 13/13 MP: 3/3
   141 | D:1      | Reached XP level 2. HP: 10/18 MP: 5/5
   400 | D:1      | Reached skill level 3 in Transmutations
   681 | D:1      | Learned a level 2 spell: Sticks to Snakes
   691 | D:2      | Reached XP level 3. HP: 19/23 MP: 6/6
   857 | D:2      | Learned a level 3 spell: Spider Form
  1034 | D:2      | Reached skill level 4 in Transmutations
  1034 | D:2      | Reached XP level 4. HP: 16/28 MP: 3/7
  1458 | D:2      | Found an ornate altar of the Wu Jian Council.
  1614 | D:3      | Reached XP level 5. HP: 25/33 MP: 9/9
  1941 | D:3      | Reached skill level 5 in Transmutations
  2673 | D:3      | Found a runed translucent gate.
  2673 | D:3      | Found a runed translucent gate.
  2674 | D:3      | Found a runed translucent gate.
  2675 | D:3      | Noticed a big kobold
  2677 | D:3      | Noticed Seven's ghost (amateur TrAM)
  2845 | D:3      | Found a hazy altar of Hepliaklqana.
  2983 | D:4      | Reached XP level 6. HP: 35/39 MP: 10/10
  2998 | D:4      | Found a shattered altar of Ashenzari.
  3024 | D:5      | Entered Level 5 of the Dungeon
  3061 | D:5      | Slain by a gnoll

Skill      XL: |  1  2  3  4  5 |
---------------+----------------+-----
Transmutations | 3 4 5 |  5.5
Spellcasting   | 3 |  3.0
Fighting       | |  1.8
Dodging        | |  2.0
Unarmed Combat | |  3.0

Action                   |  1- 3 |  4- 6 || total
-------------------------+-------+-------++-------
Melee: Unarmed           |    86 |   143 ||   229
       Constrict         |    19 |    46 ||    65
       Tentacles         |     8 |    28 ||    36
       Kick              |     3 |    12 ||    15
       Dagger            |       |    24 ||    24
       Punch             |       |     1 ||     1
 Cast: Beastly Appendage |     2 |     4 ||     6
       Spider Form       |     1 |     1 ||     2
  Use: Scroll            |       |     3 ||     3
       Potion            |       |     2 ||     2
 Stab: Sleeping          |     7 |     1 ||     8
  Eat: Chunk             |       |     7 ||     7
Armor: Skin              |     2 |    12 ||    14
Dodge: Dodged            |    45 |    97 ||   142
